 Dungeon Crawl Stone Soup version bcrawl-1.17.3 (webtiles) character file.

Game seed: 8539189497514595393

257472 cunnyseurTrue the Scorcher (level 20, -29/191 HPs)
             Began as a Human Fire Elementalist on Oct 20, 2019.
             Was the Champion of Fedhas.
             Killed from afar by a frost giant (42 damage)
             ... with a freezing blast
             ... on level 1 of the Depths.
             The game lasted 02:58:11 (61974 turns).

cunnyseurTrue the Scorcher (HuFE)                  Turns: 61974, Time: 02:58:11

Health: -29/191    AC: 40    Str:  4    XL:     20   Next: 64%
Magic:  7/36       EV: 24    Int: 34    God:    Fedhas [******]
Gold:   1307       SH: 12    Dex: 16    Spells: 10/43 levels left

rFire    + . .     SeeInvis +   a - +7 morningstar of Calops {crush, +Fly Str-2 Int+7}
rCold    . . .     Gourm    .   w - +3 buckler {AC+3}
rNeg     + + +     Faith    .   (armour currently unavailable)
rPois    ∞         Spirit   .   W - +2 helmet {SInv}
rElec    +         Reflect  +   m - +2 cloak "Samauthu" {rN+ Int+4}
rCorr    .         Harm     .   (gloves currently unavailable)
MR       ++...                  (boots currently unavailable)
Stlth    ++++......             y - +3 amulet of reflection
HPRegen  0.41/turn              p - ring "Lukeifai" {rF+ rN+}
MPRegen  0.25/turn              j - ring of protection from magic

@: statue-form, very slightly contaminated, very slow
A: weak 1, MP-powered wands
}: 2/15 runes: serpentine, barnacled
a: End Transformation, Fungal Bloom, Sunlight, Evolution, Growth, Reproduction,
Rain, Renounce Religion, Evoke Flight


You were on level 1 of the Depths.
You worshipped Fedhas.
Fedhas was exalted by your worship.
You were not hungry.
You were a stone statue.
You visited 8 branches of the dungeon, and saw 30 of its levels.
You also visited: Gauntlet and Volcano.

You collected 3984 gold pieces.
You spent 2660 gold pieces at shops.
You donated 17 gold pieces to Zin.

Inventory:

Hand Weapons
 a - the +7 morningstar of Calops (weapon) {crush, +Fly Str-2 Int+7}
   (You found it on level 1 of the Elven Halls)

   It inflicts extra damage upon your enemies.
   It affects your strength (-2).
   It affects your intelligence (+7).
   It lets you fly.
 T - the +4 hand axe of Regicide {venom, rC+ rN+ Int-3}
   (You found it on level 1 of the Snake Pit)

   It poisons the flesh of those it strikes.
   It affects your intelligence (-3).
   It protects you from cold.
   It protects you from negative energy.
Armour
 m - the +2 cloak "Samauthu" (worn) {rN+ Int+4}
   (You acquired it on level 3 of the Shoals)

   It affects your intelligence (+4).
   It protects you from negative energy.
 w - a +3 buckler of protection (worn)
 K - a +0 pair of gloves (melded)
 N - a +0 pair of boots (melded)
 R - a +1 robe of the Archmagi (melded)
 W - a +2 helmet of see invisible (worn)
Jewellery
 c - an uncursed ring of protection from cold
 j - a ring of protection from magic (right hand)
 p - the ring "Lukeifai" (left hand) {rF+ rN+}
   (You found it on level 6 of the Lair of Beasts)

   [ring of positive energy]

   It protects you from fire.
   It protects you from negative energy.
 y - a +3 amulet of reflection (around neck)
 D - the ring of the Burgomaster {Wiz rElec Str-5 SInv Stlth+}
   (You found it on level 3 of the Shoals)

   [ring of wizardry]

   It improves your spell success rate.
   It affects your strength (-5).
   It insulates you from electricity.
   It lets you see invisible.
   It makes you more stealthy.
 I - the ring of Ephemeral Luck {Fire MR+}
   (You found it on level 3 of the Elven Halls)

   [ring of fire]

   It enhances your fire magic.
   It protects you from fire.
   It makes you vulnerable to cold.
   It affects your resistance to hostile enchantments.
 Q - an uncursed ring of protection from fire
 Y - an uncursed ring of resist corrosion
Wands
 i - a wand of scattershot (6)
 H - a wand of paralysis (12)
 L - a wand of digging (10)
 S - a wand of iceblast (19)
 V - a wand of acid (8)
Scrolls
 e - 20 scrolls of remove curse
 f - 4 scrolls of teleportation
 l - 7 scrolls of enchant armour
 r - a scroll of immolation
 s - a scroll of magic mapping
 E - 3 scrolls of blinking
 F - 2 scrolls of enchant weapon
 M - 5 scrolls of vulnerability
 O - 3 scrolls of fog
 P - 5 scrolls of fear
 X - a scroll of summoning
Potions
 g - 3 potions of brilliance
 k - 6 potions of haste
 n - 2 potions of ambrosia
 o - 3 potions of heal wounds
 t - a potion of cancellation
 u - 3 potions of mutation
 v - a potion of magic
 z - 3 potions of agility
 A - 5 potions of might
 B - 4 potions of resistance
 C - 2 potions of curing
 J - 4 potions of invisibility
 U - 4 potions of flight
Miscellaneous
 b - a lamp of fire
 q - a phial of floods
 x - a fan of gales (inert)
 G - a phantom mirror
 Z - a sack of spiders
Comestibles
 d - 33 rations {!d}


   Skills:
 - Level 10.0 Fighting
 - Level 8.0 Armour
 - Level 15.0 Dodging
 - Level 10.0 Stealth
 - Level 8.0 Shields
 - Level 12.0 Spellcasting
 - Level 12.0 Conjurations
 - Level 10.0 Transmutations
 + Level 15.8 Fire Magic
 - Level 10.0 Earth Magic
 - Level 8.0 Poison Magic
 - Level 12.0 Invocations
 - Level 6.1 Evocations


You had 10 spell levels left.
You knew the following spells:

 Your Spells              Type           Power        Failure   Level  Hunger
a - Flame Tongue          Conj/Fire      #####        0%          1    None
b - Statue Form           Tmut/Erth      ######...    5%          6    ####...
c - Sticky Flame          Conj/Fire      #######.     1%          4    None
d - Olgreb's Toxic Radia  Pois           ######..     1%          4    None
e - Ignite Poison         Fire/Tmut/Pois #######.     1%          3    None
f - Fireball              Conj/Fire      #######...   1%          5    None
h - Irradiate             Conj/Tmut      #######...   1%          5    None
i - Bolt of Magma         Conj/Fire/Erth #######...   1%          5    None

Your spell library contained the following spells:

 Spells                   Type           Power        Failure   Level  Hunger
 Magic Dart               Conj           ####         0%          1    None
 Sting                    Conj/Pois      ####         1%          1    None
 Flaming Arrows           Chrm/Fire      ######..     1%          2    None
 Poisonous Vapours        Pois/Air       #####.       1%          2    None
 Sticks to Snakes         Tmut           ######..     1%          2    None
 Throw Frost              Conj/Ice       ######       1%          2    None
 Conjure Flame            Conj/Fire      #######.     1%          3    None
 Inner Flame              Hex/Fire       N/A          1%          3    None
 Leda's Liquefaction      Hex/Erth       ######....   1%          3    None
 Mephitic Cloud           Conj/Pois/Air  ######..     1%          3    None
 Venom Bolt               Conj/Pois      ######....   1%          5    None
 Bolt of Fire             Conj/Fire      #######...   1%          6    ####...
 Slow                     Hex            ###.....     2%          1    None
 Ice Form                 Ice/Tmut       ######..     2%          4    None
 Blink                    Tloc           N/A          3%          2    None
 Call Imp                 Summ           ###.....     3%          2    None
 Shackle                  Hex            ###.....     3%          2    None
 Iron Shot                Conj/Erth      #######...   3%          6    ####...
 Summon Scorpions         Summ/Pois      #####...     4%          4    None
 Call Canine Familiar     Summ           ###.....     6%          3    None
 Ozocubu's Armour         Chrm/Ice       ###.....     6%          3    None
 Spectral Weapon          Hex/Chrm       ###.....     6%          3    None
 Steam Barrier            Chrm/Fire      ######....   13%         6    ####...
 Summon Ice Beast         Ice/Summ       ###.....     22%         4    None
 Ignition                 Fire           #######...   22%         8    #######
 Bolt of Cold             Conj/Ice       ######....   28%         6    ####...
 Infestation              Hex/Tmut/Pois  ######...    28%         6    ####...
 Dragon Form              Tmut           ######.      30%         7    #####..
 Metabolic Englaciation   Hex/Ice        ###.......   52%         5    None
 Summon Mana Viper        Hex/Summ       ###.....     52%         5    None
 Spellforged Servitor     Conj/Summ      ######....   83%         7    #####..
 Freezing Cloud           Ice/Air        ###.......   97%         6    ####...
 Invisibility             Hex            ###.....     97%         6    ####...
 Ozocubu's Refrigeration  Ice            ###.......   97%         6    ####...
 Simulacrum               Ice/Necr       ###.......   97%         6    ####...
 Summon Hydra             Summ           ###.......   97%         6    ####...
 Haunt                    Necr/Summ      ###.......   100%        7    #####..
 Malign Gateway           Summ/Tloc      ###.......   100%        7    #####..
 Monstrous Menagerie      Summ           ###.......   100%        7    #####..
 Summon Greater Demon     Summ           ###.......   100%        7    #####..
 Summon Horrible Things   Summ           ###.......   100%        8    #######
 Shatter                  Erth           ######....   100%        9    #######


Dungeon Overview and Level Annotations

Branches:
Dungeon (12/12)            Temple (1/1) D:5            Lair (6/6) D:7
 Shoals (3/3) Lair:2        Snake (3/3) Lair:2        Slime (0/5) Lair:5
    Orc (1/1) D:10            Elf (3/3) Orc          Vaults (0/3) D:11
 Depths (1/5) D:12

Altars:
Ashenzari
Cheibriados
Dithmenos
Elyvilon
Fedhas
Gozag
Hepliaklqana
Kikubaaqudgha
Lugonu
Makhleb
Nemelex Xobeh
Okawaru
Qazlal
Ru
Sif Muna
Trog
Uskayaw
Vehumet
Wu Jian
Xom
Yredelemnul
Zin
The Shining One

Shops:
D:6 :   D:9 !   Orc ([*(:   Elf:3 *(   Shoals:1 (

Portals:
Hell: Depths:1

Annotations:
D:10 exclusions: door and 1 more exclusion


Innate Abilities, Weirdness & Mutations

You are weak. (Str -2)
You expend magic power (3 MP) to strengthen your wands.


Message History

The frost giant hits you with a +4 battleaxe of freezing!!
* * * LOW HITPOINT WARNING * * *
The frost giant freezes you!
* * * LOW HITPOINT WARNING * * *
You puncture the stone giant!
The stone giant is almost dead.
Your surroundings suddenly seem different.
You start resting.
The fire giant is too close now for your liking.
A fire giant is nearby!
A fire giant is nearby!
Things that are here:
a +0 dire flail x2
The frost giant points at you and mumbles some strange words.
The freezing blast explodes!
The freezing blast engulfs you!
* * * LOW HITPOINT WARNING * * *
The frost giant casts a spell at you.
The freezing blast explodes!
The freezing blast engulfs you!
You die...
Fedhas appreciates your contribution to the ecosystem.

.# ###..### #..........>#
8######..###
#.......#####
..8##8....8# #.......####
...##.....C###..........#
.............#..........#
############.....#......#
#......##.#####
#.##...##.# #####
#.#...8##.# #..<#
#####.......#.# #.###
#...........#)# #.#
#.####..)...#[# #.# #.#
#......#.# #.# #.#
#.###..#÷# #.#
#.####.#....#.# #.#
#.##..........# #.#
#.#....#.#)#######.#


You could see a frost giant.

Vanquished Creatures
  Vashnia (Snake:3)
  Nikola (Shoals:1)
  3 deep elf blademasters
  A titan (Shoals:1)
  A deep elf master archer (Elf:3)
  A frost giant (Shoals:1)
  Roxanne (Elf:3)
  Ilsuiw (Shoals:3)
  7 nagarajas
  An orc warlord (Orc)
  Louise (Elf:3)
  A deep elf sorcerer (Elf:3)
  2 deep elf elementalists (Elf:3)
  3 stone giants
  6 very ugly things (Depths:1)
  A vampire knight (Depths:1)
  4 deep elf demonologists (Elf:3)
  2 deep elf annihilators
  A minotaur (Gauntlet)
  Josephine (Orc)
  An ettin (Depths:1)
  4 deep elf death magi (Elf:3)
  6 merfolk impalers
  3 merfolk javelineers (Shoals:3)
  A fire dragon (Depths:1)
  A deep elf high priest (Elf:3)
  Harold (Lair:3)
  7 naga warriors
  10 hydras
  Fannar (D:11)
  6 vault guards (D:11)
  An ice dragon (Depths:1)
  A rakshasa (Depths:1)
  3 centaur warriors
  3 merfolk avatars
  Erica (Orc)
  Psyche (D:10)
  4 anacondas
  2 deep troll earth magi (Depths:1)
  An alligator (shapeshifter) (D:12)
  An ogre mage (D:12)
  2 satyrs
  19 dancing weapons
  6 two-headed ogres
  3 deep troll shamans (Depths:1)
  5 merfolk aquamancers
  6 death yaks
  A tengu warrior (D:12)
  8 naga sharpshooters
  5 shock serpents
  4 orc high priests
  9 deep elf knights
  Nergalle (D:9)
  A salamander mystic (Snake:1)
  An unseen horror (D:10)
  An iron troll (Depths:1)
  A fire crab (Lair:6)
  4 skeletal warriors (D:11)
  8 sea snakes
  3 glowing orange brains
  6 naga ritualists
  Pikel (D:7)
  19 harpies
  5 deep trolls (Depths:1)
  3 deep elf archers
  A cyclops (shapeshifter) (D:12)
  A phantasmal warrior (D:10)
  4 orc knights
  3 cyclopes
  3 orc sorcerers (Orc)
  31 deep elf magi
  4 fauns (Shoals:3)
  3 wandering mushrooms
  6 mana vipers (Snake:3)
  13 manticores
  A shining eye (shapeshifter) (Depths:1)
  6 ugly things
  6 elephants
  3 salamanders
  2 orb spiders (shapeshifter)
  12 water nymphs
  20 black mambas
  Maurice (D:8)
  An apocalypse crab (Gauntlet)
  4 merfolk sirens
  A guardian serpent (Snake:1)
  18 naga magi
  11 cane toads
  3 torpor snails
  A gargoyle (D:11)
  A rime drake (Lair:6)
  12 komodo dragons
  A kobold demonologist (D:10)
  A freezing wraith (D:12)
  5 yaktaurs
  An efreet (D:12)
  A yaktaur (shapeshifter) (D:12)
  A tengu conjurer (D:12)
  10 trolls
  7 slime creatures (D:12)
  A polar bear (Lair:4)
  15 blink frogs
  25 merfolk
  A queen bee (D:11)
  5 wind drakes
  A hornet (shapeshifter) (Depths:1)
  5 snapping turtles
  A dream sheep (shapeshifter) (D:11)
  2 dream sheep (Shoals:3)
  Prince Ribbit (D:6)
  10 hippogriffs
  A centaur simulacrum (Gauntlet)
  8 water elementals
  2 shadows
  A fire elemental (Elf:2)
  A vampire (D:10)
  7 wyverns
  A human (shapeshifter) (D:9)
  6 humans
  6 fire bats (Volcano)
  2 wraiths (Orc)
  40 yaks
  6 basilisks
  2 vampire mosquitoes (D:12)
  2 steam dragons
  A basilisk (shapeshifter) (D:12)
  Menkaure (D:6)
  A warg (Orc)
  4 acid dragons
  Edmund (D:4)
  29 nagas
  13 water moccasins
  14 porcupines
  29 orc warriors
  4 hell hounds (Lair:6)
  A sky beast (D:10)
  An ice beast (D:12)
  A black bear (D:9)
  An eye of draining (shapeshifter) (D:12)
  8 ogres
  3 phantoms
  13 wolves
  8 centaurs
  12 bullfrogs
  12 crocodiles
  Blork the orc (D:4)
  An earth elemental (Elf:2)
  A gnoll sergeant (D:9)
  4 scorpions
  27 killer bees
  7 wights
  4 howler monkeys
  7 crimson imps
  4 centaur zombies
  11 lava snakes
  A bullfrog zombie (D:6)
  7 hounds
  A quasit (D:12)
  2 bullfrog skeletons (D:6)
  3 jellies
  25 orc priests
  18 orc wizards
  An iron imp (Depths:1)
  3 centaur skeletons
  An iguana (D:12)
  13 worker ants
  A killer bee zombie (D:6)
  A hound skeleton (D:10)
  A howler monkey zombie (D:6)
  2 worker ant zombies
  3 gnolls (D:6)
  A howler monkey skeleton (D:4)
  10 adders
  4 shadow imps
  2 oozes
  3 adder zombies
  2 adder skeletons
  4 worms
  3 leopard geckos
  78 orcs
  5 bats
  5 giant cockroaches
  6 goblins
  8 hobgoblins
  8 jackals
  5 quokkas
  2 ball pythons
  3 frilled lizards
  10 kobolds
  A quokka skeleton (D:6)
  6 rats
1045 creatures vanquished.

Vanquished Creatures (others)
  Saint Roka (Orc)
  A deep elf master archer (Elf:3)
  Frances (Shoals:1)
  A deep elf sorcerer (Elf:3)
  A deep elf elementalist (Elf:3)
  2 deep elf annihilators (Elf:3)
  A deep elf death mage (Elf:3)
  An oklob plant (Shoals:1)
  A fire dragon (Lair:6)
  A vault guard (D:11)
  4 naga warriors (Snake:3)
  A merfolk avatar (Shoals:1)
  6 dancing weapons
  2 naga sharpshooters (Snake:3)
  A death yak (Lair:5)
  A salamander mystic (Snake:3)
  A naga ritualist (Snake:3)
  A deep elf archer (Elf:1)
  A deep elf mage (Elf:1)
  A faun (Shoals:1)
  An orc sorcerer (Orc)
  2 salamanders (Snake:3)
  An elephant (Lair:5)
  A centaur zombie (D:10)
  2 naga magi (Snake:3)
  3 molten gargoyles (Lair:6)
  A gargoyle (Volcano)
  5 cane toads
  A komodo dragon (Lair:6)
  A yaktaur (Depths:1)
  An efreet (Volcano)
  A polar bear (Lair:2)
  A blink frog (Lair:6)
  A tarantella (shapeshifter) (Elf:1)
  A wraith (Orc)
  A wyvern (Lair:5)
  A water elemental (Elf:1)
  2 yaks (Lair:2)
  4 fire elementals
  A vampire mosquito (D:12)
  A warg (Elf:1)
  4 nagas (Snake:3)
  A water moccasin (Lair:5)
  An orc warrior (Orc)
  7 wandering mushrooms
  A slave (D:7)
  A black bear (Lair:3)
  3 wolves
  A centaur (D:12)
  3 bullfrogs
  A crocodile (Lair:3)
  3 earth elementals
  3 orc priests (Orc)
  An orc wizard (Orc)
  6 orcs
  2 bushes (Lair:6)
  18 fungi
  25 plants
  20 toadstools
164 creatures vanquished.

Grand Total: 1209 creatures vanquished

Notes
Turn   | Place    | Note
-------+----------+-------------------------------------------
     0 | D:1      | cunnyseurTrue the Human Fire Elementalist began the quest
                  | for the Orb.
     0 | D:1      | Reached XP level 1. HP: 13/13 MP: 3/3
   228 | D:1      | Reached XP level 2. HP: 19/19 MP: 1/5
   838 | D:1      | Reached XP level 3. HP: 24/24 MP: 3/6
   843 | D:1      | Learned a level 3 spell: Conjure Flame
  1367 | D:2      | Found a glowing silver altar of Zin.
  1426 | D:2      | Became a worshipper of Zin the Law-Giver
  2331 | D:2      | Reached XP level 4. HP: 30/30 MP: 2/7
  2741 | D:2      | Reached * piety under Zin
  3525 | D:3      | Reached ** piety under Zin
  4010 | D:3      | Found a glowing golden altar of the Shining One.
  4052 | D:3      | Fell from the grace of Zin
  4052 | D:3      | Became a worshipper of the Shining One
  4052 | D:3      | Reached * piety under the Shining One
  4122 | D:3      | Reached XP level 5. HP: 29/35 MP: 2/8
  4377 | D:4      | Reached skill level 5 in Fire Magic
  4466 | D:4      | Found an ancient bone altar of Kikubaaqudgha.
  4515 | D:4      | Noticed Blork the orc
  4541 | D:4      | Killed Blork the orc
  4541 | D:4      | Reached XP level 6. HP: 36/41 MP: 0/9
  4746 | D:4      | Learned a level 4 spell: Sticky Flame
  4867 | D:4      | Noticed a phantom
  5057 | D:4      | Killed a phantom
  5057 | D:4      | Reached skill level 5 in Conjurations
  5057 | D:4      | Reached XP level 7. HP: 42/46 MP: 1/10
  5904 | D:4      | Noticed Edmund
  5935 | D:4      | Killed Edmund
  5935 | D:4      | Reached XP level 8. HP: 47/52 MP: 0/11
  6553 | D:5      | Entered Level 5 of the Dungeon
  6929 | D:5      | Found a staircase to the Ecumenical Temple.
  6938 | Temple   | Entered the Ecumenical Temple
  7072 | Temple   | Fell from the grace of the Shining One
  7072 | Temple   | Became a worshipper of Fedhas Madash
  8103 | D:6      | Noticed a hippogriff
  8119 | D:6      | Killed a hippogriff
  8119 | D:6      | Reached * piety under Fedhas
  8119 | D:6      | Reached XP level 9. HP: 38/57 MP: 4/12
  8786 | D:6      | Noticed Prince Ribbit
  8803 | D:6      | Killed Prince Ribbit
  8888 | D:6      | Noticed Menkaure
  8897 | D:6      | Killed Menkaure
  9159 | D:6      | Noticed a death knight
  9607 | D:6      | Found a snail-covered altar of Cheibriados.
  9770 | D:6      | Reached ** piety under Fedhas
 10009 | D:6      | Found Nyelylaj's Book Boutique.
 10244 | D:7      | Reached skill level 10 in Fire Magic
 10415 | D:7      | HP: 2/57 [orc warrior/+0 halberd (24)]
 10749 | D:6      | Bought a Young Poisoner's Handbook for 440 gold pieces
 10754 | D:6      | Learned a level 4 spell: Olgreb's Toxic Radiance
 10783 | D:7      | Reached skill level 1 in Poison Magic
 10975 | D:7      | Noticed Pikel
 11419 | D:7      | Killed Pikel
 11419 | D:7      | Reached XP level 10. HP: 37/63 MP: 4/15
 11722 | D:7      | Learned a level 3 spell: Ignite Poison
 12441 | D:7      | Found a staircase to the Lair.
 12585 | D:8      | Reached skill level 5 in Poison Magic
 12672 | D:8      | Found an ornate altar of the Wu Jian Council.
 12682 | D:8      | Found a burning altar of Makhleb.
 12793 | D:8      | Reached *** piety under Fedhas
 13644 | D:8      | Noticed Maurice
 13649 | D:8      | Killed Maurice
 13887 | D:9      | Noticed Nergalle
 13901 | D:9      | Killed Nergalle
 13901 | D:9      | Reached **** piety under Fedhas
 14230 | D:9      | Noticed a yaktaur
 14233 | D:9      | Killed a yaktaur
 14233 | D:9      | Reached XP level 11. HP: 55/68 MP: 10/18
 14327 | D:9      | Reached skill level 10 in Conjurations
 14744 | D:9      | Reached skill level 5 in Spellcasting
 15011 | D:9      | Learned a level 5 spell: Fireball
 15082 | D:9      | Found Ygounwiz's Distillery.
 15090 | D:9      | Bought a potion of curing for 45 gold pieces
 15501 | D:9      | Got a bloodstained chain mail
 16213 | D:10     | Entered Level 10 of the Dungeon
 16353 | D:10     | Noticed an unseen horror
 16355 | D:10     | Killed an unseen horror
 16589 | D:10     | Reached ***** piety under Fedhas
 16589 | D:10     | Reached skill level 5 in Stealth
 17192 | D:10     | Noticed a manticore
 17194 | D:10     | Killed a manticore
 17194 | D:10     | Reached skill level 5 in Dodging
 17554 | D:10     | Found a staircase to the Orcish Mines.
 17589 | D:10     | Noticed a red ugly thing
 17733 | D:10     | Noticed a seven-headed hydra
 17756 | D:10     | Killed a seven-headed hydra
 18191 | D:10     | Noticed Psyche
 18194 | D:10     | Killed Psyche
 18194 | D:10     | Reached XP level 12. HP: 60/74 MP: 3/19
 18414 | D:10     | Reached ****** piety under Fedhas
 18952 | D:10     | Noticed a two-headed ogre
 18959 | D:10     | Killed a two-headed ogre
 18959 | D:10     | Reached skill level 1 in Armour
 18959 | D:10     | Reached skill level 1 in Invocations
 19187 | Orc      | Entered the Orcish Mines
 19205 | Orc      | Found a staircase to the Elven Halls.
 19212 | Orc      | Noticed Erica
 19216 | Orc      | Killed Erica
 19612 | Orc      | Noticed Saint Roka
 20114 | Lair:1   | Entered Level 1 of the Lair of Beasts
 21132 | Lair:1   | Reached skill level 5 in Invocations
 21144 | Lair:1   | Learned a level 3 spell: Mephitic Cloud
 21336 | Lair:1   | Reached skill level 5 in Armour
 22130 | Lair:2   | Found a staircase to the Shoals.
 22192 | Lair:2   | Noticed a death yak
 22202 | Lair:2   | Killed a death yak
 22202 | Lair:2   | Reached XP level 13. HP: 59/79 MP: 1/22
 22436 | Lair:2   | Noticed an eight-headed hydra
 22447 | Lair:2   | Killed an eight-headed hydra
 22711 | Lair:2   | Found a staircase to the Snake Pit.
 23006 | Lair:2   | Reached skill level 1 in Fighting
 23496 | Lair:3   | Reached skill level 5 in Fighting
 24014 | Lair:3   | Noticed Harold
 24018 | Lair:3   | Killed Harold
 24041 | Lair:3   | Found a dark tunnel.
 24047 | Volcano  | Entered a volcano
 24955 | Volcano  | Noticed a stone giant
 24967 | Volcano  | Killed a stone giant
 25222 | Volcano  | Found a bloodstained altar of Trog.
 25245 | Volcano  | Found a burning altar of Makhleb.
 25836 | Lair:4   | Found a gate leading to a gauntlet.
 25845 | Gauntlet | Entered a Gauntlet
 25845 | Gauntlet | Found a transporter.
 25845 | Gauntlet | Found a transporter.
 25849 | Gauntlet | Found a transporter.
 25849 | Gauntlet | Found a transporter.
 25860 | Gauntlet | Found a transporter.
 25885 | Gauntlet | Found a transporter.
 25889 | Gauntlet | Found a transporter.
 25889 | Gauntlet | Found a transporter.
 25893 | Gauntlet | Found a transporter.
 25910 | Gauntlet | Found a transporter.
 25919 | Gauntlet | Found a transporter.
 25941 | Gauntlet | Found a transporter.
 25974 | Gauntlet | Found a transporter.
 25988 | Gauntlet | Found a transporter.
 26093 | Gauntlet | Found a transporter.
 26107 | Gauntlet | Found a transporter.
 26959 | Gauntlet | Got a slimy platinum ring
 26961 | Gauntlet | Identified the ring of the Camelopard {+Inv rElec MR- AC+5
                  | Stlth+} (You found it in a Gauntlet)
 26970 | Gauntlet | Noticed a minotaur
 26980 | Gauntlet | Killed a minotaur
 27080 | Gauntlet | Identified the Catalogue of the Fetching Glacier
 27578 | Lair:4   | Noticed a four-headed hydra
 27586 | Lair:4   | Killed a four-headed hydra
 27586 | Lair:4   | Reached XP level 14. HP: 100/100 MP: 8/24
 29387 | Lair:5   | Found a staircase to the Slime Pits.
 29548 | Lair:6   | Entered Level 6 of the Lair of Beasts
 31534 | Lair:6   | Learned a level 5 spell: Venom Bolt
 32104 | Lair:6   | Found a large runed door.
 32119 | Lair:6   | Reached XP level 15. HP: 105/105 MP: 20/28
 33092 | Lair:6   | Found a large runed door.
 33203 | Lair:6   | Reached skill level 10 in Stealth
 33552 | Lair:6   | Got a crude jade ring
 33571 | Lair:6   | Identified the ring "Lukeifai" {rF+ rN+} (You found it on
                  | level 6 of the Lair of Beasts)
 34067 | Orc      | Killed Saint Roka
 34067 | Orc      | Reached skill level 10 in Dodging
 34286 | Orc      | Found Xogexant's Weapon Boutique.
 34535 | Orc      | Noticed Josephine
 34566 | Orc      | Killed Josephine
 34566 | Orc      | Reached skill level 1 in Evocations
 35415 | Orc      | Noticed an orc warlord
 35438 | Orc      | Killed an orc warlord
 36058 | Orc      | Reached skill level 5 in Evocations
 36983 | D:6      | Bought Sif Muna's Grimoire of Helpful Changing for 550 gold
                  | pieces
 37231 | Orc      | Found Hemoi's General Store.
 37232 | Orc      | Found Niqieqer's Book Shop.
 37233 | Orc      | Found Hejexkidez's Antique Armour Boutique.
 37233 | Orc      | Found Ughuiqeth's Antique Weapon Boutique.
 37248 | Orc      | Bought a book of Fire for 910 gold pieces
 37457 | Elf:1    | Entered Level 1 of the Elven Halls
 38013 | Elf:1    | Found Holon's Antique Weapon Shoppe.
 38741 | Elf:1    | Got a fine morningstar
 38743 | Elf:1    | Identified the +7 morningstar of Calops {crush, +Fly Str-2
                  | Int+7} (You found it on level 1 of the Elven Halls)
 40697 | Shoals:1 | Entered Level 1 of the Shoals
 40751 | Shoals:1 | Learned a level 5 spell: Bolt of Magma
 40841 | Shoals:1 | Noticed Nikola
 40867 | Shoals:1 | Killed Nikola
 40867 | Shoals:1 | Reached XP level 16. HP: 89/111 MP: 0/29
 41359 | Shoals:1 | Reached skill level 10 in Spellcasting
 41600 | Shoals:1 | Noticed a frost giant
 41633 | Shoals:1 | Found Puopasau's Weapon Shop.
 41767 | Shoals:1 | Noticed Frances
 42179 | Shoals:1 | Killed Frances
 42904 | Shoals:1 | Killed a frost giant
 43102 | Shoals:1 | Noticed a titan
 43109 | Shoals:1 | Killed a titan
 43109 | Shoals:1 | Reached skill level 1 in Transmutations
 43109 | Shoals:1 | Reached skill level 1 in Earth Magic
 44547 | Shoals:2 | Reached skill level 5 in Transmutations
 44547 | Shoals:2 | Reached skill level 5 in Earth Magic
 45887 | Shoals:3 | Entered Level 3 of the Shoals
 46465 | Shoals:3 | Reached XP level 17. HP: 117/117 MP: 20/31
 46950 | Shoals:3 | Identified a scroll of acquirement
 46950 | Shoals:3 | Got a barnacled rune of Zot
 46953 | Shoals:3 | Identified the +2 cloak "Samauthu" {rN+ Int+4} (You
                  | acquired it on level 3 of the Shoals)
 47604 | Shoals:3 | Identified the ring of the Burgomaster {Wiz rElec Str-5
                  | SInv Stlth+}
 47738 | Shoals:3 | Noticed Ilsuiw
 48613 | Shoals:3 | Killed Ilsuiw
 50104 | D:6      | Bought a book of the Earth for 715 gold pieces
 50111 | D:6      | Learned a level 6 spell: Statue Form
 50408 | Elf:2    | Reached skill level 10 in Transmutations
 50594 | Elf:2    | Found a huge runed gate.
 50594 | Elf:2    | Found a huge runed gate.
 50594 | Elf:2    | Found a huge runed gate.
 51323 | Elf:2    | Reached skill level 10 in Earth Magic
 51482 | Elf:2    | Noticed a deep elf blademaster
 51827 | Elf:2    | Reached XP level 18. HP: 125/125 MP: 32/32
 51878 | Elf:2    | Killed a deep elf blademaster
 52085 | Elf:3    | Entered Level 3 of the Elven Halls
 52214 | Elf:3    | Noticed Louise
 52421 | Elf:3    | Killed Louise
 52524 | Elf:3    | Noticed a deep elf blademaster
 52530 | Elf:3    | Killed a deep elf blademaster
 52677 | Elf:3    | Learned a level 5 spell: Irradiate
 52680 | Elf:3    | Noticed a deep elf blademaster
 52690 | Elf:3    | Killed a deep elf blademaster
 52690 | Elf:3    | Reached skill level 10 in Invocations
 52703 | Elf:3    | Gained mutation: You tend to lose your temper in combat.
                  | [mutagenic glow]
 52974 | Elf:3    | Found Ziwoduar's Antique Weapon Shoppe.
 53189 | Elf:3    | Identified the ring "Cothafim" {*Corrode rC+ Str+6 Dex-5
                  | SInv}
 53268 | Elf:3    | Noticed a deep elf master archer
 53272 | Elf:3    | Identified the cursed +1 lajatang "Cielus" {drain, MR-
                  | Int+5}
 53272 | Elf:3    | Identified the ring of Ephemeral Luck {Fire MR+}
 53276 | Elf:3    | Killed a deep elf master archer
 53316 | Elf:3    | Identified the +4 scimitar of Amorality {slice, *Slow rF+
                  | rC+ Str+3}
 53409 | Elf:3    | Noticed a deep elf master archer
 53415 | Elf:3    | Killed a deep elf master archer
 53544 | Elf:3    | Found the +7 Singing Sword {slice, sonic wave}
 53548 | Elf:3    | Identified the Tome of Mutagenic Attacks
 53717 | Elf:3    | Found Foutz's Fabulous Fripperies.
 53725 | Elf:3    | Lost mutation: You tend to lose your temper in combat.
                  | [potion of mutation]
 53725 | Elf:3    | Gained mutation: You are dopey. (Int -2) [potion of
                  | mutation]
 53725 | Elf:3    | Gained mutation: You are weak. (Str -2) [potion of
                  | mutation]
 53725 | Elf:3    | Gained mutation: You expend magic power (3 MP) to
                  | strengthen your wands. [potion of mutation]
 53725 | Elf:3    | Lost mutation: You are dopey. (Int -2) [potion of mutation]
 53734 | Elf:3    | Noticed Roxanne
 53831 | Elf:3    | Killed Roxanne
 54998 | D:11     | Noticed Fannar
 55004 | D:11     | Killed Fannar
 55301 | D:11     | Found a gate to the Vaults.
 55452 | D:12     | Entered Level 12 of the Dungeon
 55669 | D:12     | Reached skill level 1 in Shields
 55770 | D:12     | Reached XP level 19. HP: 107/138 MP: 20/33
 56892 | D:12     | Found a staircase to the Depths.
 57330 | Snake:1  | Entered Level 1 of the Snake Pit
 57607 | Snake:1  | Identified the +4 hand axe of Regicide {venom, rC+ rN+
                  | Int-3}
 58174 | Snake:2  | Reached skill level 10 in Fighting
 59105 | Snake:3  | Entered Level 3 of the Snake Pit
 59273 | Snake:3  | Reached skill level 5 in Shields
 59869 | Snake:3  | Noticed Vashnia
 59878 | Snake:3  | Reached skill level 15 in Dodging
 59880 | Snake:3  | Reached XP level 20. HP: 70/147 MP: 11/35
 60309 | Snake:3  | Got a serpentine rune of Zot
 60553 | Snake:3  | Killed Vashnia
 61039 | Depths:1 | Entered Level 1 of the Depths
 61427 | Depths:1 | Reached skill level 15 in Fire Magic
 61557 | Depths:1 | Found a gateway to Hell.
 61742 | Depths:1 | Paralysed by a vampire knight for 2 turns
 61974 | Depths:1 | Killed from afar by a frost giant

Skill      XL: |  1  2  3  4  5  6  7  8  9 10 11 12 13 14 15 16 17 18 19 20 |
---------------+-------------------------------------------------------------+-----
Stealth        | 3 7 8 9 10 | 10.0
Conjurations   | 2 3 4 5 6 8 9 10 11 12 | 12.0
Fire Magic     | 4 5 6 7 8 10 11 12 14 15 | 15.8
Poison Magic   | 3 8 |  8.0
Spellcasting   | 3 4 5 6 9 10 11 12 | 12.0
Dodging        | 6 8 9 12 13 15 | 15.0
Armour         | 6 7 8 |  8.0
Invocations    | 7 8 9 11 12 | 12.0
Fighting       | 6 9 10 | 10.0
Evocations     | 6 |  6.1
Transmutations | 6 10 | 10.0
Earth Magic    | 6 10 | 10.0
Shields        | 1 6 8 |  8.0

Action                   |  1- 3 |  4- 6 |  7- 9 | 10-12 | 13-15 | 16-18 | 19-21 || total
-------------------------+-------+-------+-------+-------+-------+-------+-------++-------
Melee: Unarmed           |    14 |       |       |       |       |       |       ||    14
       Dagger            |       |    39 |   113 |    23 |       |       |       ||   175
       Staff             |       |       |       |    44 |   149 |       |       ||   193
       Morningstar       |       |       |       |       |     4 |   352 |   515 ||   871
Throw: Stone             |     3 |     3 |     2 |       |       |       |       ||     8
 Cast: Flame Tongue      |    71 |    87 |   167 |   241 |   225 |    32 |     1 ||   824
       Conjure Flame     |       |     2 |     2 |     2 |     3 |       |       ||     9
       Sticky Flame      |       |       |    17 |    40 |    57 |    43 |    29 ||   186
       Olgreb's Toxic Ra |       |       |       |    26 |   103 |    54 |    17 ||   200
       Ignite Poison     |       |       |       |    28 |    95 |    66 |    15 ||   204
       Fireball          |       |       |       |    12 |    51 |    30 |     3 ||    96
       Mephitic Cloud    |       |       |       |       |     4 |     2 |       ||     6
       Venom Bolt        |       |       |       |       |    26 |       |       ||    26
       Bolt of Magma     |       |       |       |       |     2 |   185 |    38 ||   225
       Statue Form       |       |       |       |       |       |     2 |       ||     2
       Irradiate         |       |       |       |       |       |     7 |    25 ||    32
Invok: Fungal Bloom      |       |       |     1 |     1 |     3 |     2 |       ||     7
       Evolution         |       |       |     1 |     2 |    14 |     7 |     2 ||    26
       Growth            |       |       |       |       |     7 |     3 |     1 ||    11
 Abil: Evoke Flight      |       |       |       |       |     1 |       |       ||     1
       End Transformatio |       |       |       |       |       |     1 |       ||     1
Evoke: Wand              |       |       |       |     1 |    12 |    48 |     4 ||    65
       Fan of gales      |       |       |       |       |       |     1 |     1 ||     2
  Use: Scroll            |       |       |    10 |     3 |     6 |    15 |     8 ||    42
       Potion            |       |       |     1 |     4 |     5 |     6 |     2 ||    18
 Stab: Sleeping          |       |       |     2 |     1 |     2 |     4 |    10 ||    19
       Distracted        |       |       |       |     1 |       |     2 |     1 ||     4
       Confused          |       |       |       |       |     1 |       |     1 ||     2
       Paralysed         |       |       |       |       |       |    17 |       ||    17
  Eat: Chunk             |     5 |    10 |    17 |    29 |    45 |    48 |    19 ||   173
       Ration            |       |       |     3 |     4 |     9 |     7 |     4 ||    27
Armor: Robe              |     5 |    12 |    28 |    26 |    76 |     2 |       ||   149
       Skin              |       |       |       |    38 |     8 |   391 |   551 ||   988
       Steam dragon scal |       |       |       |       |    18 |    44 |       ||    62
Dodge: Dodged            |    36 |    42 |    96 |   158 |   324 |  1000 |  1293 ||  2949
Block: Other             |       |       |       |       |       |   107 |       ||   107
       Reflection        |       |       |       |       |       |     9 |    58 ||    67
       Shield            |       |       |       |       |       |    40 |       ||    40
       Buckler           |       |       |       |       |       |    26 |   637 ||   663
